 Dungeon Crawl Stone Soup version 0.31.0-32-g396128a36d (webtiles) character file.

Game seed: 10545741404110100631

15491 tizbic2 the Fighter (level 12, -5/65 HPs)
             Began as a Vine Stalker Reaver on Mar 27, 2024.
             Was a High Priest of Fedhas.
             Killed from afar by a gargoyle (6 damage)
             ... with a stone arrow
             ... on level 10 of the Dungeon.
             The game lasted 00:39:25 (7408 turns).

tizbic2 the Fighter (Vine Stalker Reaver)           Turns: 7408, Time: 00:39:26

Health: -5/65      AC: 24    Str: 20    XL:     12   Next: 27%
Magic:  0/25       EV:  4    Int: 13    God:    Fedhas [*****.]
Gold:   1162       SH:  0    Dex: 13    Spells: 25/27 levels left

rFire   + . .        w - +2 flail (drain)
rCold   + . .        e - orb {light}
rNeg    . . .        N - +0 crystal plate armour
rPois   .            j - +0 helmet
rElec   .            g - scarf {rC+ rF+}
rCorr   +            p - +0 pair of gloves
SInv    .            (no boots)
Will    +....        (no amulet) Stlth
                     d - +4 ring of protection
HPRegen 1.10/turn    E - ring of resist corrosion
MPRegen 0.19/turn

%: guardian spirit
@: lethally poisoned (-5 -> -16), glowing, studying Translocations
A: fangs 3, regeneration 1, magic shield, antimagic bite, no potion heal 2
a: Renounce Religion, Wall of Briars, Grow Ballistomycete, Overgrow, Grow Oklob


You were on level 10 of the Dungeon.
You worshipped Fedhas.
Fedhas was extremely pleased with you.
You visited 2 branches of the dungeon, and saw 12 of its levels.

You collected 1162 gold pieces.

Inventory:

Hand Weapons
 a - a +0 war axe
 c - a +0 mace of holy wrath
 w - a +2 flail of draining (weapon)
 J - a +5 flail of protection
Missiles
 A - 11 poisoned darts
 O - 3 boomerangs
Armour
 e - an orb of light (worn)
 g - a scarf of resistance (worn)
 j - a +0 helmet (worn)
 k - a +2 cloak
 p - a +0 pair of gloves (worn)
 r - a scarf of repulsion
 t - the +5 ring mail "Marrafaf" {rElec}
   (You found it on level 3 of the Dungeon)

   rElec:     It insulates you from electricity.
 C - a +0 pair of gloves of infusion
 N - a +0 crystal plate armour (worn)
Magical Staves
 i - a staff of alchemy
Jewellery
 d - a +4 ring of protection (left hand)
 v - a ring of flight
 E - a ring of resist corrosion (right hand)
 I - a ring of positive energy
Wands
 l - a wand of roots (9)
 o - a wand of mindburst (22)
 s - a wand of flame (50)
 G - a wand of charming (9)
 K - a wand of polymorph (3)
Scrolls
 h - 3 scrolls of teleportation
 m - 5 scrolls of fog
 q - 3 scrolls of revelation
 y - a scroll of vulnerability
 z - a scroll of silence
 F - a scroll of butterflies
 L - a scroll of identify
 M - a scroll of fear
Potions
 b - 2 potions of might
 f - a potion of magic
 n - a potion of enlightenment
 u - 2 potions of resistance
 B - a potion of lignification {unknown}
 D - a potion of haste
 H - a potion of brilliance {unknown}


   Skills:
 * Level 8.8 Fighting
 - Level 6.8(7.8) Axes
 * Level 5.6(7.1) Maces & Flails
 + Level 5.7 Armour
 + Level 6.4 Dodging
 + Level 8.3 Spellcasting
 - Level 3.0 Conjurations
 + Level 2.0 Translocations
 + Level 6.6 Invocations


You had 25 spell levels left.
You knew the following spells:

 Your Spells              Type           Power      Damage    Failure   Level
a - Kiss of Death         Conj/Necr      36%        2d8       100%        1
b - Foxfire               Conj/Fire      36%        2x1d5     100%        1

Your spell library contained the following spells:

 Spells                   Type           Power      Damage    Failure   Level
 Shock                    Conj/Air       36%        1d5       100%        1
 Cigotuvi's Dreadful Rot  Necr/Alch/Air  10%        N/A       100%        2
 Momentum Strike          Conj/Tloc      24%        3d8       100%        2
 Gell's Gravitas          Tloc           10%        N/A       100%        3
 Hailstorm                Conj/Ice       9%         3d6       100%        3
 Swiftness                Air            5%         N/A       100%        3
 Teleport Other           Tloc           10%        N/A       100%        3
 Airstrike                Air            2%         2d(1-17)  100%        4
 Ignite Poison            Fire/Alch      5%         N/A       100%        4
 Freezing Cloud           Conj/Ice/Air   4%         6-21      100%        5
 Dispersal                Tloc           5%         N/A       100%        6
 Plasma Beam              Fire/Air       2%         2x1d12    100%        6
 Starburst                Conj/Fire      4%         6d4       100%        6


Dungeon Overview and Level Annotations

Branches:
Dungeon (11/15)            Temple (1/1) D:6             Orc (0/2) D:9
   Lair: D:8-11

Altars:
Ashenzari
Cheibriados
Dithmenos
Elyvilon
Fedhas
Gozag
Hepliaklqana
Kikubaaqudgha
Makhleb
Nemelex Xobeh
Okawaru
Qazlal
Ru
Sif Muna
Trog
Uskayaw
Vehumet
Xom
Yredelemnul
Zin
The Shining One

Shops:
D:9 (


Innate Abilities, Weirdness & Mutations

You have razor-sharp teeth.
Your natural rate of healing is unusually fast.
When hurt, damage is shared between your health and your magic reserves.
Your bite disrupts and absorbs the magic of your enemies.
Potions cannot restore your health.


Message History

You hit the gargoyle but do no damage. You bite the gargoyle.
You drain its power.
You feel invigorated.
The gargoyle is heavily damaged.
You feel very sick.
The gargoyle hits you but does no damage.
You are more poisoned.
You hit the gargoyle but do no damage.
You bite the gargoyle, but do no damage.
The gargoyle is heavily damaged.
You feel very sick.
The gargoyle hurls a stone arrow at you.
The stone arrow hits you!
* * * LOW HITPOINT WARNING * * *
Okay, then.
Okay, then.
You hit the gargoyle but do no damage.
You bite the gargoyle, but do no damage.
The gargoyle is heavily damaged.
You feel very sick.
The gargoyle hits you with a +3 flail of venom.
* * * LOW HITPOINT WARNING * * *
You are lethally poisoned!
Your system rejects the healing.
You feel better.
The gargoyle hits you but does no damage.
You are poisoned.
Aiming: Mindburst
Press: ? - help, Shift-Dir - straight line, f - gargoyle
Aim: a gargoyle, wielding a +3 flail of venom (heavily damaged, haloed, chance to affect: 47%)
The gargoyle resists with some effort.
You feel very sick.
The gargoyle hits you with a +3 flail of venom!
* * * LOW HITPOINT WARNING * * *
You are lethally poisoned!
A briar patch grows up from the ground. x7
* * * LOW HITPOINT WARNING * * *
You feel very sick.
The gargoyle hurls a stone arrow at you.
The stone arrow hits you!
You die...
Fedhas appreciates your contribution to the ecosystem.

#.# ##♣......# #.#
####.......########
######.#
#..##...#.##......#
#......#
#.......#.##.####.#
#####.######
#..###)........##.##
......#
#...................
#######
#........##...##..#.
#.PP9#...#.....#..#.
#.P@P......._.....#.
##PPP....#.....#..#.
##[##.#.##...##....
###.##..........).##
###...#####.........##
#..%### #.......######
#.### #.....### # #.#
#.....# # #.# #.....#
#


You could see a gargoyle (ally target).

Vanquished Creatures
  2 centaur warriors (D:10)
  A boulder beetle (D:11)
  3 two-headed ogres
  A glowing orange brain (D:10)
  Lodul (D:10)
  An orc sorcerer (D:8)
  2 cyclopes
  A manticore (D:10)
  Joseph (D:8)
  Maggie (D:8)
  A kobold demonologist (D:10)
  A tengu conjurer (D:10)
  Psyche (D:10)
  2 trolls
  A hornet (D:10)
  A wraith (D:10)
  A shadow (D:10)
  14 yaks
  A wyvern (D:9)
  A golden eye (shapeshifter) (D:10)
  A steam dragon (D:8)
  A vampire mosquito (D:10)
  Edmund (D:5)
  An acid dragon (D:9)
  2 ice beasts
  2 orc warriors
  6 black bears
  9 ogres
  5 centaurs
  2 phantoms
  2 kobold brigands
  4 bullfrogs
  3 wights (D:6)
  7 killer bees
  5 howler monkeys
  4 bombardier beetles
  4 hounds
  2 jellies
  A gnoll bouda (D:8)
  2 orc priests
  Natasha (twice) (D:3)
  10 orc wizards
  6 iguanas
  5 adders
  12 gnolls
  A shadow imp (D:5)
  A white imp (D:6)
  2 ufetubi (D:7)
  2 dart slugs
  4 ribbon worms
  20 orcs
  4 bats
  9 endoplasms
  2 giant cockroaches
  8 goblins
  8 hobgoblins
  4 jackals (D:1)
  3 quokkas
  10 ball pythons
  4 frilled lizards
  13 kobolds
  6 rats
238 creatures vanquished.

Vanquished Creatures (collateral kills)
  2 ballistomycete spores (D:10)
2 creatures vanquished.

Vanquished Creatures (others)
  5 foxfires (D:7)
5 creatures vanquished.

Grand Total: 245 creatures vanquished

Notes
Turn   | Place    | Note
-------+----------+-------------------------------------------
     0 | D:1      | tizbic2 the Vine Stalker Reaver began the quest for the
                  | Orb.
     0 | D:1      | Reached XP level 1. HP: 11/11 MP: 4/4
   280 | D:1      | Reached XP level 2. HP: 15/15 MP: 4/6
   289 | D:1      | Found a faded altar of an unknown god.
   303 | D:1      | Prayed at the altar of an unknown god.
   303 | D:1      | Became a worshipper of Fedhas Madash
   303 | D:1      | Reached * piety under Fedhas
   636 | D:1      | Reached XP level 3. HP: 18/18 MP: 8/8
   981 | D:2      | Reached XP level 4. HP: 23/23 MP: 9/9
   993 | D:2      | Reached ** piety under Fedhas
  1325 | D:2      | Reached XP level 5. HP: 21/26 MP: 7/11
  1661 | D:3      | Found a sparkling altar of Nemelex Xobeh.
  1767 | D:3      | Found a shimmering blue altar of Sif Muna.
  1777 | D:3      | Noticed Natasha
  1785 | D:3      | Killed Natasha
  1818 | D:3      | Noticed Natasha
  1827 | D:3      | Killed Natasha
  1828 | D:3      | Reached XP level 6. HP: 31/32 MP: 10/13
  1888 | D:3      | Identified the +5 ring mail "Marrafaf" {rElec}
  2181 | D:4      | Noticed a black bear
  2192 | D:4      | Killed a black bear
  2198 | D:4      | Noticed a +0 dagger
  2198 | D:4      | Noticed a +0 falchion
  2198 | D:4      | Noticed a +0 short sword
  2199 | D:4      | Noticed a +0 falchion
  2199 | D:4      | Noticed a +0 short sword
  2200 | D:4      | Noticed a +0 dagger
  2200 | D:4      | Noticed a +0 spear
  2202 | D:4      | Noticed a +0 spear
  2203 | D:4      | Found a hide-covered altar of Uskayaw.
  2216 | D:4      | Noticed a black bear
  2230 | D:4      | Killed a black bear
  2231 | D:4      | Reached XP level 7. HP: 33/36 MP: 11/15
  2384 | D:4      | Reached *** piety under Fedhas
  2523 | D:5      | Entered Level 5 of the Dungeon
  2555 | D:5      | Reached skill level 5 in Axes
  2584 | D:5      | Reached skill level 1 in Invocations
  2636 | D:5      | Reached skill level 1 in Armour
  2636 | D:5      | Reached skill level 5 in Spellcasting
  2885 | D:5      | Gained mutation: You have razor-sharp teeth. [Vine Stalker
                  | growth]
  2885 | D:5      | Reached XP level 8. HP: 31/40 MP: 9/16
  3116 | D:5      | Noticed Edmund
  3132 | D:5      | Killed Edmund
  3371 | D:6      | Found a staircase to the Ecumenical Temple.
  3498 | D:6      | HP: 2/42 [killer bee (3)]
  3747 | D:6      | Reached XP level 9. HP: 45/45 MP: 18/18
  3859 | D:6      | Reached **** piety under Fedhas
  4201 | D:7      | Noticed a moth of wrath
  4203 | D:7      | Found a bloodstained altar of Trog.
  4212 | D:7      | Learned a level 1 spell: Foxfire
  4462 | D:7      | Noticed a troll
  4471 | D:7      | Killed a troll
  4472 | D:7      | Reached skill level 5 in Fighting
  4474 | D:7      | Found a snail-covered altar of Cheibriados.
  4483 | D:7      | Reached skill level 1 in Maces & Flails
  4527 | D:7      | Found an opulent altar of Gozag.
  4658 | D:8      | Noticed an orc sorcerer
  4731 | D:8      | Noticed Maggie
  4732 | D:8      | Reached XP level 10. HP: 51/51 MP: 20/20
  4739 | D:8      | Killed Maggie
  4869 | D:8      | Reached ***** piety under Fedhas
  5035 | D:8      | Noticed Joseph
  5046 | D:8      | Killed Joseph
  5047 | D:8      | Reached skill level 5 in Dodging
  5076 | D:8      | Killed an orc sorcerer
  5381 | D:9      | Noticed a cyclops
  5396 | D:9      | Killed a cyclops
  5397 | D:9      | Reached skill level 5 in Invocations
  5469 | D:9      | Found Jerotup's Weapon Boutique.
  5470 | D:9      | Noticed a two-headed ogre
  5471 | D:9      | Found a staircase to the Orcish Mines.
  5484 | D:9      | Killed a two-headed ogre
  5485 | D:9      | Reached XP level 11. HP: 39/58 MP: 12/22
  5600 | D:9      | Noticed a two-headed ogre
  5609 | D:9      | Killed a two-headed ogre
  5647 | D:9      | Found a sacrificial altar of Ru.
  5948 | D:9      | Found a radiant altar of Vehumet.
  5948 | D:9      | Found a basalt altar of Yredelemnul.
  5985 | D:10     | Entered Level 10 of the Dungeon
  5985 | D:10     | Noticed Lodul
  6027 | D:10     | Found a glowing silver altar of Zin.
  6083 | D:10     | Reached skill level 5 in Armour
  6134 | D:10     | Noticed a centaur warrior
  6134 | D:10     | Noticed a manticore
  6134 | D:10     | Noticed a cyclops
  6152 | D:10     | Killed a centaur warrior
  6159 | D:10     | Killed a cyclops
  6166 | D:10     | Killed a manticore
  6222 | D:10     | Noticed a glowing orange brain
  6230 | D:10     | Killed a glowing orange brain
  6430 | D:10     | Noticed Psyche
  6433 | D:10     | Killed Lodul
  6445 | D:10     | Killed Psyche
  6660 | D:10     | Noticed a two-headed ogre
  6666 | D:10     | Killed a two-headed ogre
  6667 | D:10     | Reached skill level 5 in Maces & Flails
  6667 | D:10     | Reached XP level 12. HP: 47/65 MP: 15/25
  6669 | D:10     | Found an iron altar of Okawaru.
  6884 | Temple   | Entered the Ecumenical Temple
  7055 | D:11     | Noticed a boulder beetle
  7055 | D:11     | Noticed a centaur warrior
  7082 | D:10     | Killed a centaur warrior
  7083 | D:10     | Reached skill level 1 in Translocations
  7105 | D:11     | Killed a boulder beetle
  7164 | D:10     | Paralysed by a hornet for 3 turns
  7408 | D:10     | HP: 1/65 [poisoned by a gargoyle]
  7408 | D:10     | Killed from afar by a gargoyle

Illustrated notes

Levels and vault maps discovered:
D:1:      minmay_arrival_loop, layout_loops_corners,
          nicolae_ecumenical_snake_handling
D:2:      cheibrodos_greedy_goblins, layout_rooms, minivault_23
D:3:      layout_basic, lemuel_doored_altar, nemelex_spade_bored_becter,
          nicolae_wu_jian_glorious_leap, uniq_natasha
D:4:      layout_rooms, nicolae_uskayaw_en_pointe, serial_aquarium,
          aquarium_bridge_straight [aquarium_subvault_bridge,
          aquarium_subvault_window, aquarium_subvault_bridge,
          aquarium_subvault_balcony], aquarium_window_1, aquarium_window_corner,
          aquarium_window_fake, aquarium_view_2g, aquarium_view_2g,
          aquarium_pool_2, bh_walls_and_bars
D:5:      layout_loops_ring, uniq_edmund
D:6:      layout_loops_cross, hangedman_glass_teeth
D:7:      layout_loops_cross, slow_altar_1, nicolae_gozag_seed_capital, tgw_trog
D:8:      cheibrodos_wizards_tower, layout_loops_cross, minmay_misc_feat_square,
          uniq_maggie, uniq_joseph
D:9:      layout_gridville, nicolae_ru_awakened_eye,
          nicolae_overflow_two_pavilions, orc_david_3
D:10:     minmay_shrinking_squares, layout_loops_cross, okawaru_gym_becter,
          zin_academy, uniq_psyche, uniq_lodul
D:11:     layout_roguey, lair_entry_dummy, grunt_decor_junction,
          nicolae_fountain_basement
Temple:   hellmonk_temple_rainy

Skill      XL: |  1  2  3  4  5  6  7  8  9 10 11 12 |
---------------+-------------------------------------+-----
Axes           | 3 4 5 6 |  6.8
Fighting       | 2 3 4 5 7 8 |  8.8
Spellcasting   | 3 4 5 6 7 8 |  8.3
Dodging        | 2 3 4 5 6 |  6.4
Invocations    | 1 2 4 5 6 |  6.6
Armour         | 1 2 3 4 5 |  5.7
Maces & Flails | 1 3 5 |  5.6
Translocations | 2 |  2.0
Conjurations   | |  3.0

Action                     |  1- 3 |  4- 6 |  7- 9 | 10-12 || total
---------------------------+-------+-------+-------+-------++-------
  Melee: Hand axe          |   102 |   149 |   115 |       ||   366
         Bite              |    19 |    55 |   110 |   128 ||   312
         Punch             |     1 |     1 |       |       ||     2
         Flail             |       |       |   127 |   286 ||   413
         Mace              |       |       |    13 |       ||    13
         War axe           |       |       |     7 |       ||     7
  Throw: Dart              |       |       |       |     1 ||     1
   Cast: Foxfire           |       |       |     3 |       ||     3
 Invoke: Grow Ballistomyce |       |       |       |     1 ||     1
         Wall of Briars    |       |       |       |     1 ||     1
  Evoke: Wand              |       |       |       |     2 ||     2
    Use: Scroll            |     2 |     3 |    12 |     4 ||    21
         Potion            |       |       |     2 |     1 ||     3
 Armour: Leather armour    |    10 |       |       |       ||    10
         Scale mail        |    79 |    60 |       |       ||   139
         Plate armour      |       |    14 |       |       ||    14
         Ring mail         |       |    67 |   252 |   183 ||   502
         Crystal plate arm |       |       |       |   145 ||   145
  Dodge: Dodged            |    60 |   104 |   259 |   167 ||   590
         Repelled          |       |     1 |     7 |       ||     8
